 Dungeon Crawl Stone Soup version 0.25.0-26-g0c896c7088 (webtiles) character file.

Game seed: 5202349575145752916

1097 Esekla the Magician (level 8, 0/60 HPs)
             Began as a Formicid Necromancer on July 1, 2020.
             Slain by a wyvern zombie (12 damage)
             ... on level 7 of the Dungeon.
             The game lasted 00:36:18 (6546 turns).

Esekla the Magician (Formicid Necromancer)          Turns: 6546, Time: 00:36:19

Health: 0/60       AC:  9    Str: 13    XL:     8   Next: 57%
Magic:  9/17       EV: 17    Int: 17    God:
Gold:   219        SH:  5    Dex: 11    Spells: 16/19 levels left

rFire    . . .     SeeInvis +   v - -3 long sword (curse)
rCold    . . .     Gourm    .   (no shield)
rNeg     . . .     Faith    .   a - +1 robe
rPois    .         Spirit   .   (helmet unavailable)
rElec    .         Reflect  +   s - +2 cloak
rCorr    .         Harm     .   (no gloves)
MR       .....                  r - +2 pair of boots
Stlth    ++........             t - amulet of reflection
HPRegen  0.20/turn              h - ring of teleportation (curse)
MPRegen  0.15/turn              e - +4 ring of evasion

@: no status effects
A: permanent stasis, dig shafts and tunnels, four strong arms, antennae 3
a: Dig, Shaft Self


You were on level 7 of the Dungeon.
You were near starving.

You visited 2 branches of the dungeon, and saw 8 of its levels.

You collected 219 gold pieces.

Inventory:

Hand Weapons
 f - a +4 vorpal falchion
 k - a +0 hand axe
 m - a +2 dagger of draining
 v - a cursed -3 long sword (weapon)
Missiles
 y - 6 javelins (quivered)
Armour
 a - a +1 robe (worn)
 r - a +2 pair of boots (worn)
 s - a +2 cloak (worn)
 u - a scarf of invisibility
 A - a +2 tower shield
Jewellery
 e - a +4 ring of evasion (right hand)
 g - an uncursed ring of ice
 h - a cursed ring of teleportation (left hand)
 l - an uncursed amulet of guardian spirit
 t - an amulet of reflection (around neck)
 x - a +6 ring of intelligence
Scrolls
 b - a scroll of enchant armour
 i - 2 scrolls of amnesia
 w - 2 scrolls of identify
 z - a scroll of fog
Potions
 d - a potion of flight {unknown}
 j - a potion of heal wounds
 n - a potion of might {unknown}
 o - a potion of mutation
 p - a potion of curing
 q - a potion of brilliance
Comestibles
 c - 7 rations


   Skills:
 * Level 3.7 Fighting
 + Level 2.2(2.8) Short Blades
 + Level 2.2(2.7) Long Blades
 + Level 3.3 Dodging
 + Level 3.2 Stealth
 * Level 6.1 Spellcasting
 + Level 5.7 Necromancy


You had 16 spell levels left.
You knew the following spells:

 Your Spells              Type           Power        Failure   Level  Hunger
d - Vampiric Draining     Necr           ###.......   3%          3    ##.....

Your spell library contained the following spells:

 Spells                   Type           Power        Failure   Level  Hunger
 Animate Skeleton         Necr           N/A          1%          1    None
 Pain                     Necr           ###.         1%          1    None
 Animate Dead             Necr           N/A          12%         4    ####...
 Agony                    Necr           ###.....     32%         5    #####..


Dungeon Overview and Level Annotations

Branches:
Dungeon (7/15)             Temple (1/1) D:4

Altars:
Ashenzari
Cheibriados
Dithmenos
Elyvilon
Fedhas
Gozag
Makhleb
Okawaru
Qazlal
Ru
Trog
Vehumet
Wu Jian
Xom


Innate Abilities, Weirdness & Mutations

You cannot be hasted, slowed, berserked, paralysed or teleported.
You can dig through walls and to a lower floor.
Your four strong arms can wield two-handed weapons with a shield.
You have a pair of large antennae on your head. (SInv)


Message History

The wyvern zombie is lightly damaged.
The wyvern zombie barely misses you.
You riposte.
You hit the wyvern zombie.
The wyvern zombie is moderately damaged.
The wyvern zombie bites you!
* * * LOW HITPOINT WARNING * * *
You hit the wyvern zombie but do no damage.
The wyvern zombie is moderately damaged.
You hear the faint creaking of a distant portcullis.
The wyvern zombie bites you.
* * * LOW HITPOINT WARNING * * *
You hit the wyvern zombie but do no damage.
The wyvern zombie is moderately damaged.
The wyvern zombie closely misses you.
You riposte.
You hit the wyvern zombie but do no damage.
The wyvern zombie is moderately damaged.
The wyvern zombie closely misses you.
You hit the wyvern zombie but do no damage.
The wyvern zombie is moderately damaged.
The wyvern zombie bites you!
You die...

#.<.# ###..# #....# .....
###....## #oo...#
o...######.......## ........
#......##.........#
..........####.##..............##
.........###....................#
..#..............................
.###...#... #.................##
#†@.............##
#.Z.............#
##...########...# #..## ##....#
#..# ##....## #..# ##.....# #..#
##......# ...# ##.......# .....
#........# #


You could see an orc and a wyvern zombie.

Vanquished Creatures
  Sigmund (D:3)
  A centaur (D:5)
  2 ogres
  A bullfrog (D:5)
  A howler monkey (D:6)
  2 crimson imps (D:6)
  An orc priest (D:3)
  2 hounds
  Crazy Yiuf (D:5)
  2 jellies
  2 iguanas
  4 worker ants
  A hound zombie (D:6)
  A hound skeleton (D:5)
  3 gnolls (D:1)
  6 adders
  2 shadow imps
  2 oozes
  2 dart slugs (D:1)
  5 orcs
  A ball python (D:1)
  7 bats
  2 giant cockroaches
  6 hobgoblins
  5 jackals
  2 quokkas (D:3)
  5 frilled lizards
  4 goblins
  5 kobolds
  A leopard gecko skeleton (D:5)
  9 rats
89 creatures vanquished.

Notes
Turn   | Place    | Note
-------+----------+-------------------------------------------
     0 | D:1      | Esekla the Formicid Necromancer began the quest for the
                  | Orb.
     0 | D:1      | Reached XP level 1. HP: 13/13 MP: 3/3
   742 | D:1      | Reached XP level 2. HP: 20/20 MP: 5/5
  1488 | D:1      | Reached XP level 3. HP: 5/25 MP: 3/6
  1890 | D:1      | Learned a level 3 spell: Vampiric Draining
  1897 | D:1      | Reached skill level 1 in Fighting
  2401 | D:3      | Noticed Sigmund
  2661 | D:1      | Reached XP level 4. HP: 26/32 MP: 0/8
  2965 | D:1      | Reached skill level 3 in Spellcasting
  3173 | D:2      | Found a faded altar of an unknown god.
  3219 | D:2      | Became a worshipper of Elyvilon the Healer
  3219 | D:2      | Reached * piety under Elyvilon
  3300 | D:3      | Was placed under penance by Elyvilon
  3301 | D:3      | Fell from the grace of Elyvilon
  3308 | D:3      | Killed Sigmund
  3308 | D:3      | Reached skill level 1 in Short Blades
  3308 | D:3      | Reached skill level 4 in Spellcasting
  3308 | D:3      | Reached XP level 5. HP: 19/38 MP: 0/11
  3308 | D:3      | Reached XP level 6. HP: 22/44 MP: 0/12
  3952 | D:3      | Reached skill level 5 in Necromancy
  4324 | D:4      | Found a staircase to the Ecumenical Temple.
  4364 | Temple   | Entered the Ecumenical Temple
  4776 | D:4      | Reached XP level 7. HP: 37/51 MP: 4/13
  4843 | D:5      | Entered Level 5 of the Dungeon
  5028 | D:5      | Found a runed translucent door.
  5029 | D:5      | Noticed Crazy Yiuf
  5049 | D:5      | Killed Crazy Yiuf
  5341 | D:5      | Reached skill level 5 in Spellcasting
  5562 | D:5      | Found a radiant altar of Vehumet.
  5692 | D:5      | Reached XP level 8. HP: 42/58 MP: 1/16
  6123 | D:6      | Reached skill level 1 in Long Blades
  6338 | D:6      | Reached skill level 6 in Spellcasting
  6440 | D:6      | You fall into a shaft and drop 1 floor!
  6546 | D:7      | Slain by a wyvern zombie

Illustrated notes

Levels and vault maps discovered:
D:1:      evilmike_arrival_fibonacci_small, layout_loops_ring
D:2:      layout_rooms, chequers_ecumenical_altar_grove
D:3:      layout_loops_ring, first_ration, uniq_sigmund
D:4:      layout_rooms, minmay_temple_entry_ruins
D:5:      layout_basic, overflow_temple_1_default, old_standard_altar,
          uniq_crazy_yiuf_cottage
D:6:      layout_basic, minmay_chambers_of_fives
D:7:      layout_layer_cave, lemuel_coloured_pillars_altar, enter_bailey_2,
          serial_shops, nicolae_shop_crystal, uniq_maggie
Temple:   dshaligram_water_room_temple

Skill      XL: |  1  2  3  4  5  6  7  8 |
---------------+-------------------------+-----
Dodging        | 2 3 |  3.3
Fighting       | 1 2 3 |  3.7
Spellcasting   | 4 5 6 |  6.1
Short Blades   | 1 2 |  2.2
Necromancy     | 5 |  5.7
Stealth        | 3 |  3.2
Long Blades    | 2 |  2.2

Action                   |  1- 3 |  4- 6 |  7- 9 || total
-------------------------+-------+-------+-------++-------
Melee: Short sword       |   109 |   131 |    56 ||   296
       Falchion          |       |       |    95 ||    95
       Long sword        |       |       |    23 ||    23
 Cast: Pain              |    22 |     2 |     3 ||    27
       Vampiric Draining |     7 |    13 |    29 ||    49
Invok: Renounce Religion |       |     1 |       ||     1
 Abil: Shaft Self        |       |       |     1 ||     1
  Use: Potion            |       |     1 |       ||     1
       Scroll            |       |       |     8 ||     8
 Stab: Sleeping          |     5 |     1 |     2 ||     8
  Eat: Chunk             |     6 |     4 |     4 ||    14
       Ration            |       |     1 |     1 ||     2
Armor: Robe              |    34 |    19 |    45 ||    98
Dodge: Dodged            |    64 |    87 |   149 ||   300
Block: Other             |       |       |    17 ||    17
       Rpst.: Falchion   |       |       |    23 ||    23
       Long sword        |       |       |    15 ||    15
